 Dungeon Crawl Stone Soup version 0.29.1-2-gbd0b4ee654 (webtiles) character file.

Game seed: 6330426979678112444

686 bdub the Covered (level 7, -2/48 (60) HPs)
             Began as a Minotaur Fighter on Nov 10, 2022.
             Slain by a wight
             ... wielding a +0 falchion
              (5 damage)
             ... on level 6 of the Dungeon.
             The game lasted 00:31:09 (3945 turns).

bdub the Covered (Minotaur Fighter)                 Turns: 3945, Time: 00:31:10

HP:   -2/48 (60)    AC: 10    Str: 22    XL:     7   Next: 35%
MP:   6/6           EV: 10    Int:  5    God:
Gold: 276           SH:  4    Dex: 10    Spells: 6/6 levels left

rFire   + . .      SeeInvis .   j - staff of fire
rCold   . . .      Faith    .   c - +0 buckler
rNeg    . . .      Spirit   .   b - +0 scale mail
rPois   .          Reflect  .   (helmet restricted)
rElec   .          Harm     .   (no cloak)
rCorr   .          Rampage  .   r - +1 pair of gloves
Will    .....                   (no boots)
Stlth   ..........              (no amulet)
HPRegen 0.16/turn               (no ring)
MPRegen 0.10/turn               (no ring)

@: heavily drained
A: horns 2, retaliatory headbutt
a: no special abilities


You were on level 6 of the Dungeon.
You visited 2 branches of the dungeon, and saw 7 of its levels.

You collected 276 gold pieces.

Inventory:

Hand Weapons
 a - a +0 trident
 t - a +2 dagger of electrocution
 u - a +2 mace of protection
 y - a +1 dagger of protection
Armour
 b - a +0 scale mail (worn)
 c - a +0 buckler (worn)
 r - a +1 pair of gloves (worn)
Magical Staves
 j - a staff of fire (weapon)
Jewellery
 h - a ring of fire
 m - a ring of fire
Scrolls
 i - a scroll of fear {unknown}
 k - 4 scrolls of identify {unknown}
 l - a scroll of amnesia {unknown}
 n - 2 scrolls of summoning {unknown}
 o - a scroll of enchant armour {unknown}
 q - a scroll of teleportation {unknown}
 s - a scroll of blinking {unknown}
 v - 2 scrolls of butterflies {unknown}
 w - a scroll of enchant weapon {unknown}
 x - 2 scrolls of magic mapping {unknown}
 A - a scroll of vulnerability {unknown}
Potions
 d - a potion of might
 e - a potion of flight {unknown}
 f - a potion of degeneration {unknown}
 g - 2 potions of attraction {unknown}
 p - 2 potions of lignification {unknown}
 z - a potion of invisibility {unknown}


   Skills:
 + Level 4.6 Fighting
 + Level 2.5 Short Blades
 + Level 4.7 Polearms
 + Level 7.0 Armour
 + Level 2.2 Dodging
 + Level 0.9 Stealth
 + Level 4.8 Shields


You had 6 spell levels left.
You didn't know any spells.
Your spell library contained the following spells:

 Spells                   Type           Power      Damage    Failure   Level
 Apportation              Tloc           0%         N/A       86%         1
 Sandblast                Erth           0%         2d4       86%         1
 Passwall                 Tmut/Erth      0%         N/A       94%         2
 Stone Arrow              Conj/Erth      0%         3d7       99%         3
 Corpse Rot               Necr/Pois/Air  0%         N/A       100%        4
 Fireball                 Conj/Fire      0%         3d3       100%        5
 Freezing Cloud           Conj/Ice/Air   0%         6-21      100%        5


Dungeon Overview and Level Annotations

Branches:
Dungeon (6/15)             Temple (1/1) D:5

Altars:
Ashenzari
Cheibriados
Dithmenos
Elyvilon
Fedhas
Hepliaklqana
Kikubaaqudgha
Makhleb
Nemelex Xobeh
Okawaru
Qazlal
Ru
Trog
Uskayaw
Xom
Yredelemnul
Zin

Portals:
Ossuary: D:5


Innate Abilities, Weirdness & Mutations

You have a pair of horns on your head.
You reflexively headbutt those who attack you in melee.


Message History

A wight comes into view. It is wielding a +0 hand axe.
The wight moves out of view. 2 wights come into view.
You hit the wight but do no damage. The wight completely misses you.
You furiously retaliate!
You headbutt the wight. You barely miss the wight.
The wight is moderately damaged.
The wight hits you with a +0 hand axe. The wight barely misses you.
You hit the wight.
The wight is heavily damaged.
The wight hits you but does no damage.
You barely miss the wight. The wight closely misses you.
The wight hits you with a +0 hand axe.
You feel drained.
You hit the wight.
You headbutt the wight, but do no damage.
The wight is heavily damaged.
The wight hits you with a +0 hand axe.
You feel drained. You block the wight's attack.
The wight hits you with a +0 battleaxe.
You feel drained. The wight hits you with a +0 battleaxe!
You feel drained. The wight hits you but does no damage.
The wight barely misses you. The wight hits you with a +0 falchion.
You feel drained.
You closely miss the wight. The wight closely misses you.
The wight hits you with a +0 falchion. The wight hits you with a +0 hand axe.
You feel drained. The wight hits you but does no damage.
You barely miss the wight.
The wight is heavily damaged.
The wight hits you with a +0 falchion.
* * * LOW HITPOINT WARNING * * *
You feel drained.
* * * LOW HITPOINT WARNING * * *
The wight hits you but does no damage. The wight hits you with a +0 hand axe.
* * * LOW HITPOINT WARNING * * *
You feel drained.
* * * LOW HITPOINT WARNING * * *
The wight closely misses you. You furiously retaliate!
You headbutt the wight, but do no damage.
You hit the wight.
The wight is lightly damaged.
The wight hits you with a +0 falchion.
You die...

#.###.#
#.....#
#####.# #.# #
#.# #####+#.#
#.# #.......#
#.## #......#
#..####......#
##.....z@z...#
#####.#zz...#
#.#.....#
#.#.....#
#.......#
##......#
#....## #.....


You could see 4 wights.

Vanquished Creatures
  Prince Ribbit (D:6)
  A water moccasin (D:5)
  An ogre (D:4)
  A necrophage (D:4)
  A gnoll bouda (D:5)
  Terence (D:2)
  2 iguanas (D:4)
  4 gnolls (D:5)
  An adder (D:3)
  An ufetubus (D:5)
  4 worms
  18 orcs
  4 bats
  5 endoplasms
  2 giant cockroaches
  5 goblins
  3 hobgoblins
  7 jackals (D:1)
  5 kobolds
  2 quokkas
  4 ball pythons
  A frilled lizard (D:1)
  A rat (D:3)
  A butterfly (D:5)
76 creatures vanquished.

Vanquished Creatures (others)
  3 fungi (D:3)
  7 plants
10 creatures vanquished.

Grand Total: 86 creatures vanquished

Notes
Turn   | Place    | Note
-------+----------+-------------------------------------------
     0 | D:1      | bdub the Minotaur Fighter began the quest for the Orb.
     0 | D:1      | Reached XP level 1. HP: 19/19 MP: 0/0
   183 | D:1      | Reached XP level 2. HP: 20/27 MP: 1/1
   185 | D:1      | Reached skill level 4 in Armour
   878 | D:2      | Reached XP level 3. HP: 29/33 MP: 2/2
   921 | D:2      | Noticed Terence
   931 | D:2      | Killed Terence
  1499 | D:2      | Got the Directory of the Hazy Volcanoes
  1726 | D:3      | Reached XP level 4. HP: 33/40 MP: 3/3
  1762 | D:3      | Found a stormy altar of Qazlal.
  1880 | D:3      | Found an iron altar of Okawaru.
  1929 | D:3      | Reached skill level 1 in Dodging
  2037 | D:3      | Found a sacrificial altar of Ru.
  2037 | D:3      | Found a broken altar of Ashenzari.
  2063 | D:3      | Found a faded altar of an unknown god.
  2077 | D:3      | Got Plato's Omnibus of the Map
  2305 | D:4      | Reached skill level 5 in Armour
  2496 | D:4      | Noticed an ogre
  2505 | D:4      | Reached XP level 5. HP: 26/46 MP: 4/4
  2509 | D:4      | Killed an ogre
  2701 | D:4      | Found a hazy altar of Hepliaklqana.
  2894 | D:4      | Reached skill level 1 in Short Blades
  2980 | D:4      | Reached XP level 6. HP: 53/53 MP: 5/5
  3275 | D:5      | Entered Level 5 of the Dungeon
  3326 | D:5      | Noticed a water moccasin
  3333 | D:5      | Killed a water moccasin
  3334 | D:5      | Reached skill level 6 in Armour
  3366 | D:5      | Found a staircase to the Ecumenical Temple.
  3377 | Temple   | Entered the Ecumenical Temple
  3531 | D:5      | Found a sand-covered staircase.
  3877 | D:6      | Noticed Prince Ribbit
  3913 | D:6      | Killed Prince Ribbit
  3914 | D:6      | Reached skill level 7 in Armour
  3914 | D:6      | Reached XP level 7. HP: 47/60 MP: 6/6
  3945 | D:6      | Slain by a wight

Illustrated notes

Levels and vault maps discovered:
D:1:      onia_arrival_mini_maze_b, layout_basic
D:2:      layout_basic, corner_web_ring, grunt_ministairs_5, uniq_terence
D:3:      layout_rooms, mainiacjoe_overflow_concentric_impassable,
          okawaru_metal_pillars_1_2, nicolae_overflow_two_pavilions,
          serial_bayou, serial_bayou_shore_a, serial_bayou_lagoon_a,
          serial_bayou_lagoon_b, serial_bayou_pond_b, serial_bayou_ford_a,
          shapermc_ecumenical_altar_rom_forum, serial_bayou_pond_a
D:4:      layout_loops_cross, nicolae_overflow_hidden_temple
D:5:      layout_basic, nicolae_wu_jian_glorious_leap,
          mainiacjoe_overflow_alcove_4, minmay_temple_entry_butterflies,
          nicolae_ossuary_entry_monument, st_stairs_13
D:6:      layout_basic, uniq_menkaure, uniq_edmund, uniq_prince_ribbit1
Temple:   minmay_temple_bridge_abc

Skill      XL: |  1  2  3  4  5  6 |
---------------+-------------------+-----
Armour         | 4 5 7 |  7.0
Fighting       | 4 |  4.6
Polearms       | 3 4 |  4.7
Dodging        | 1 2 |  2.2
Shields        | 4 |  4.8
Short Blades   | 1 2 |  2.5
Stealth        | |  0.9

Action                   |  1- 3 |  4- 6 |  7- 9 || total
-------------------------+-------+-------+-------++-------
Melee: Trident           |    84 |    36 |       ||   120
       Headbutt          |    17 |    26 |     1 ||    44
       Dagger            |       |   120 |       ||   120
       Staff             |       |       |     8 ||     8
  Use: Potion            |       |     1 |       ||     1
Armor: Scale mail        |    44 |    68 |     4 ||   116
Dodge: Dodged            |    40 |    84 |     6 ||   130
Block: Buckler           |    25 |    39 |     1 ||    65
